 Dungeon Crawl Stone Soup version 0.28.0 (webtiles) character file.

Game seed: 2552330189002918772

33695 Armakuni the Destroyer (level 14, -13/98 HPs)
             Began as a Human Conjurer on Feb 11, 2022.
             Was an Elder of Vehumet.
             Engulfed by a cloud of freezing vapour (31 damage)
             ... on level 6 of the Lair of Beasts.
             The game lasted 00:54:01 (21035 turns).

Armakuni the Destroyer (Human Conjurer)            Turns: 21035, Time: 00:54:02

Health: -13/98     AC: 15    Str: 11    XL:     14   Next: 9%
Magic:  1/28       EV: 11    Int: 24    God:    Vehumet [****..]
Gold:   873        SH:  8    Dex: 14    Spells: 14/33 levels left

rFire   . . .      SeeInvis .   a - +8 demon blade "Leech" {vamp, Harm Drain rN+}
rCold   . . .      Faith    .   F - +3 warlock's mirror {reflect}
rNeg    + . .      Spirit   .   n - +0 swamp dragon scales
rPois   +          Reflect  +   h - +0 helmet
rElec   .          Harm     +   (no cloak)
rCorr   .          Rampage  .   b - +2 pair of gloves
Will    ++...                   L - +1 pair of boots
Stlth   +.........              (no amulet)
HPRegen 0.26/turn               W - ring of willpower
MPRegen 0.21/turn               I - +6 ring of intelligence

@: very slightly contaminated
A: no striking features
a: Renounce Religion


You were on level 6 of the Lair of Beasts.
You worshipped Vehumet.
Vehumet was greatly pleased with you.
You visited 3 branches of the dungeon, and saw 19 of its levels.
You also visited: Sewer and Ossuary.

You collected 1313 gold pieces.
You spent 440 gold pieces at shops.

Inventory:

Hand Weapons
 a - the +8 demon blade "Leech" (weapon) {vamp, Harm Drain rN+}
   (You found it on level 4 of the Lair of Beasts)

   It heals its wielder for a portion of the damage dealt every time it strikes
   a living foe.
   rN:        It protects you from negative energy.
   Drain:     It drains your maximum health when unequipped.
   Harm:      It increases damage dealt and taken.
 c - a +0 quarterstaff
Missiles
 l - 5 throwing nets
Armour
 b - a +2 pair of gloves (worn)
 h - a +0 helmet (worn)
 n - +0 swamp dragon scales (worn)
 F - the +3 warlock's mirror (worn) {reflect}
   (You bought it in a shop on level 1 of the Dungeon)

   It can block and reflect piercing ranged attacks and magical attacks against
   the wielder's willpower.
 L - a +1 pair of boots (worn)
Jewellery
 I - a +6 ring of intelligence (right hand)
 J - a ring of ice
 W - a ring of willpower (left hand)
Wands
 k - a wand of digging (4)
 v - a wand of flame (3)
 x - a wand of paralysis (12)
 G - a wand of charming (5)
Scrolls
 d - 3 scrolls of fear
 g - 5 scrolls of immolation
 j - 3 scrolls of blinking
 o - 2 scrolls of identify
 p - 8 scrolls of teleportation
 z - 5 scrolls of vulnerability
 A - a scroll of silence
 B - 2 scrolls of fog
 C - 2 scrolls of amnesia
 H - a scroll of noise
 K - 2 scrolls of enchant weapon
Potions
 e - a potion of resistance
 f - 2 potions of heal wounds
 i - 6 potions of curing
 q - 2 potions of mutation
 r - 3 potions of berserk rage
 s - 3 potions of magic
 t - 3 potions of haste
 u - a potion of brilliance
 w - a potion of flight
 D - 2 potions of lignification
 E - a potion of invisibility
Miscellaneous
 m - a phantom mirror


   Skills:
 + Level 5.0 Fighting
 - Level 7.0 Long Blades
 - Level 1.5 Staves
 + Level 5.9 Armour
 - Level 4.7 Dodging
 - Level 2.0 Stealth
 - Level 4.0 Shields
 - Level 10.0 Spellcasting
 - Level 11.1 Conjurations
 - Level 4.0 Hexes
 - Level 4.0 Translocations
 - Level 5.0 Ice Magic
 - Level 5.0 Air Magic
 - Level 5.0 Earth Magic
 - Level 7.9 Evocations


You had 14 spell levels left.
You knew the following spells:

 Your Spells              Type           Power      Damage    Failure   Level
a - Apportation           Tloc           62%        N/A       2%          1
b - Blink                 Tloc           62%        N/A       4%          2
c - Freezing Cloud        Conj/Ice/Air   22%        6-21      6%          5
m - Iskenderun's Mystic   Conj/Tloc      48%        2d11      1%          4
p - Fulminant Prism       Conj/Hex       24%        3d13      1%          4
z - Stone Arrow           Conj/Erth      100%       3d13      1%          3

Your spell library contained the following spells:

 Spells                   Type           Power      Damage    Failure   Level
 Airstrike                Air            18%        N/A       5%          4
 Magic Dart               Conj           100%       1d8       1%          1
 Searing Ray              Conj           100%       2d8       1%          2
 Dazzling Flash           Conj/Hex       96%        N/A       1%          3
 Gell's Gravitas          Tloc           31%        N/A       9%          3
 Teleport Other           Tloc           31%        N/A       9%          3
 Animate Skeleton         Necr           24%        N/A       14%         1
 Pain                     Necr           48%        1d6       14%         1
 Summon Small Mammal      Summ           48%        N/A       14%         1
 Vampiric Draining        Necr           12%        2d6       41%         3
 Manifold Assault         Tloc           31%        N/A       61%         5
 Animate Dead             Necr           6%         N/A       82%         4
 Borgnjor's Vile Clutch   Necr/Erth      12%        N/A       82%         5
 Blade Hands              Tmut           6%         N/A       99%         5
 Dispersal                Tloc           15%        N/A       99%         6
 Death Channel            Necr           6%         N/A       100%        6
 Simulacrum               Ice/Necr       12%        N/A       100%        6
 Storm Form               Tmut/Air       12%        N/A       100%        7
 Polar Vortex             Ice            18%        N/A       100%        9


Dungeon Overview and Level Annotations

Branches:
Dungeon (11/15)            Temple (0/1) D:7            Lair (6/6) D:8
 Shoals (0/4) Lair:3       Spider (0/4) Lair:4        Slime (0/5) Lair:6
    Orc (2/2) D:9           Sewer (visited)         Ossuary (visited)
    Elf: Orc:2

Altars:
Dithmenos
Elyvilon
Gozag
Hepliaklqana
Makhleb
Nemelex Xobeh
Qazlal
Ru
Trog
Vehumet
Yredelemnul
Zin
Jiyva

Shops:
D:1 *   D:8 :   D:10 *   Orc:1 (

Annotations:
D:11 Urug


Message History

Aim: a four-headed hydra (moderately wounded) That beam is likely to hit you.
Continue anyway?
You are engulfed in freezing vapours.
The black mamba barely misses you.
The four-headed hydra is engulfed in freezing vapours.
You block the black mamba's attack.
The four-headed hydra is engulfed in freezing vapours.
You block the four-headed hydra's attack.
The four-headed hydra bites you.
The four-headed hydra bites you but does no damage.
You block the four-headed hydra's attack.
You barely miss the black mamba.
The black mamba is moderately wounded.
You are engulfed in freezing vapours.
* * * LOW HITPOINT WARNING * * *
The black mamba bites you.
* * * LOW HITPOINT WARNING * * *
The black mamba barely misses you.
The four-headed hydra is engulfed in freezing vapours.
You kill the four-headed hydra!
Vehumet accepts your kill.
You feel your power returning.
Your Fighting skill increases to level 5!
You feel much better.
You are engulfed in freezing vapours.
* * * LOW HITPOINT WARNING * * *
You block the black mamba's attack. The black mamba bites you.
* * * LOW HITPOINT WARNING * * *
Casting: Freezing Cloud (dangerous; 6% risk of failure)
Confirm with . or Enter, or press ? or * to list all spells.
You erupt in a blast of force!
The mystic blast hits the black mamba!
The black mamba is severely wounded.
The black mamba is knocked back by the mystic blast.
You are engulfed in freezing vapours.
* * * LOW HITPOINT WARNING * * *
You hear an angry hiss.
You hear a bleat!
Casting: Iskenderun's Mystic Blast (mildly dangerous; 1% risk of failure)
Confirm with . or Enter, or press ? or * to list all spells.
Aiming: Freezing Cloud (dangerous; 6% risk of failure)
Press: ? - help, Dir - move target You are engulfed in freezing vapours.
You die...

##♣.♣♣♣P.. ..$....
.....≈≈≈.≈ ..$......
...≈≈♣≈≈≈≈ ♣........
...♣♣♣ ♣≈♣♣♣♣♣♣........
.....♣♣ ♣≈P♣.♣..........
......♣♣♣≈≈ ............
.......♣..♣♣♣♣..†.......
...P...♣♣.♣♣†♣†.....#
.......♣♣.P.....@..##
+##....##.....§§§§§#
#..........††§§§§§#
[......##....###S§☼§..
.#.....##....P#§....#.
.##.....###..##.F...# ..
##.... #.## #...## #
.....P ... ..... .......
....


You could see a black mamba and a blink frog.

Vanquished Creatures
  Snorg (Lair:4)
  Erolcha (D:9)
  Harold (D:9)
  2 hydras (Lair:6)
  2 catoblepae
  Erica (D:10)
  3 death yaks (Lair:6)
  Pikel (D:7)
  A cyclops (Orc:1)
  2 black mambas (Lair:3)
  7 elephants
  Joseph (D:8)
  5 cane toads
  2 torpor snails
  Maggie (D:8)
  8 komodo dragons
  Psyche (D:10)
  2 rime drakes
  3 trolls
  A polar bear (Lair:2)
  A hornet (D:9)
  9 blink frogs
  9 dream sheep
  A vampire (D:9)
  21 yaks
  3 wyverns
  5 basilisks
  2 steam dragons
  2 vampire mosquitoes (D:9)
  4 wargs
  8 water moccasins
  Pargi (Sewer)
  A sky beast (D:8)
  3 ice beasts
  2 orc warriors
  5 ogres
  6 wolves (Lair:3)
  5 centaurs
  A phantom (D:7)
  A lemure (D:6)
  2 kobold brigands
  2 gnoll sergeants
  10 bullfrogs
  4 scorpions
  2 water moccasin skeletons
  4 killer bees
  3 electric eels (Lair:1)
  8 wights
  4 howler monkeys
  A bullfrog zombie (D:5)
  5 centaur zombies
  3 jellies
  7 orc priests
  5 hounds
  A gnoll shaman (D:5)
  A centaur skeleton (D:5)
  2 bullfrog skeletons
  2 iguanas
  8 orc wizards
  2 hound zombies (D:5)
  A hound skeleton (D:4)
  3 mummies (Ossuary)
  3 howler monkey zombies
  9 adders
  11 gnolls
  A howler monkey skeleton (D:7)
  5 adder zombies (Ossuary)
  7 worms
  2 dart slugs
  39 orcs
  8 endoplasms
  10 giant cockroaches
  A gnoll zombie (Ossuary)
  6 hobgoblins
  18 kobolds
  4 quokkas
  3 ball pythons
  8 bats
  3 frilled lizards
  2 goblins
  2 goblin zombies (Ossuary)
  3 hobgoblin zombies (Ossuary)
  A kobold zombie (Ossuary)
  An orc zombie (Ossuary)
  2 quokka zombies (Ossuary)
  10 rats
  3 rat zombies (Ossuary)
  2 bushes
380 creatures vanquished.

Vanquished Creatures (collateral kills)
  Rupert (Lair:4)
  2 orc warriors (Orc:2)
3 creatures vanquished.

Vanquished Creatures (others)
  An orc priest (Orc:2)
  16 fulminant prisms
  26 fungi
  63 plants
106 creatures vanquished.

Grand Total: 489 creatures vanquished

Notes
Turn   | Place    | Note
-------+----------+-------------------------------------------
     0 | D:1      | Armakuni the Human Conjurer began the quest for the Orb.
     0 | D:1      | Reached XP level 1. HP: 13/13 MP: 3/3
   396 | D:1      | Reached XP level 2. HP: 19/19 MP: 3/5
   491 | D:1      | Found Etoeraha's General Store.
   526 | D:1      | Found a faded altar of an unknown god.
  1159 | D:1      | Learned a level 2 spell: Searing Ray
  1160 | D:1      | Reached XP level 3. HP: 24/24 MP: 2/6
  1546 | D:2      | Reached skill level 5 in Conjurations
  2021 | D:2      | Reached XP level 4. HP: 30/30 MP: 1/7
  2286 | D:2      | Learned a level 4 spell: Iskenderun's Mystic Blast
  2549 | D:3      | Noticed an ogre
  2582 | D:3      | Killed an ogre
  2583 | D:3      | Reached skill level 6 in Conjurations
  2583 | D:3      | Reached XP level 5. HP: 9/35 MP: 0/8
  2814 | D:3      | Learned a level 1 spell: Apportation
  3009 | D:3      | Reached XP level 6. HP: 38/41 MP: 1/9
  3232 | D:3      | Reached skill level 7 in Conjurations
  3554 | D:4      | Found a glowing drain.
  3567 | Sewer    | Entered a sewer
  3801 | Sewer    | Noticed Pargi
  3833 | Sewer    | Killed Pargi
  4354 | D:4      | Reached XP level 7. HP: 46/46 MP: 6/10
  4403 | D:4      | Reached skill level 1 in Armour
  4738 | D:4      | Found a sacrificial altar of Ru.
  4749 | D:4      | Reached skill level 8 in Conjurations
  5073 | D:4      | Found a stormy altar of Qazlal.
  5485 | D:5      | Entered Level 5 of the Dungeon
  5501 | D:5      | Reached XP level 8. HP: 52/52 MP: 2/11
  5719 | D:5      | Found a shadowy altar of Dithmenos.
  5809 | D:5      | Found a sand-covered staircase.
  5818 | Ossuary  | Entered an ossuary
  6559 | D:5      | Reached skill level 9 in Conjurations
  6952 | D:5      | Found a bloodstained altar of Trog.
  7078 | D:5      | Reached skill level 5 in Armour
  7445 | D:6      | Reached skill level 10 in Conjurations
  7445 | D:6      | Reached XP level 9. HP: 57/57 MP: 7/12
  7633 | D:6      | Found a radiant altar of Vehumet.
  7643 | D:6      | Became a worshipper of Vehumet
  7878 | D:6      | Reached skill level 1 in Translocations
  8787 | D:7      | Noticed Pikel
  8826 | D:7      | Killed Pikel
  8901 | D:7      | Learned a level 4 spell: Fulminant Prism
  8957 | D:7      | Reached * piety under Vehumet
  8957 | D:7      | Offered knowledge of Foxfire by Vehumet.
  9007 | D:7      | Found a staircase to the Ecumenical Temple.
  9078 | D:7      | Reached skill level 1 in Hexes
  9282 | D:7      | Reached skill level 5 in Spellcasting
  9662 | D:8      | Found a white marble altar of Elyvilon.
  9709 | D:7      | Reached XP level 10. HP: 57/63 MP: 8/17
  9807 | D:8      | Reached skill level 1 in Evocations
  9981 | D:8      | Found a staircase to the Lair.
 10207 | D:8      | Reached skill level 5 in Evocations
 10361 | D:8      | Reached ** piety under Vehumet
 10361 | D:8      | Offered knowledge of Static Discharge by Vehumet.
 10531 | D:8      | Found Relea's Book Shoppe.
 10586 | D:8      | Noticed Maggie
 10592 | D:8      | Killed Maggie
 10947 | D:8      | Found a sparkling altar of Nemelex Xobeh.
 10948 | D:8      | Found an opulent altar of Gozag.
 11315 | D:1      | Bought the +3 warlock's mirror {reflect} for 440 gold
                  | pieces
 11315 | D:1      | Found the +3 warlock's mirror {reflect}
 11508 | D:9      | Found a hazy altar of Hepliaklqana.
 11602 | D:9      | Noticed Harold
 11618 | D:9      | Killed Harold
 11664 | D:9      | Noticed Erolcha
 11831 | D:9      | Found a basalt altar of Yredelemnul.
 11840 | D:9      | Noticed Joseph
 12098 | D:9      | Reached XP level 11. HP: 68/68 MP: 13/18
 12385 | D:9      | Found a glowing silver altar of Zin.
 12394 | D:9      | Found a staircase to the Orcish Mines.
 12511 | D:9      | Killed Erolcha
 12748 | D:10     | Entered Level 10 of the Dungeon
 12755 | D:10     | Reached skill level 11 in Conjurations
 12824 | D:10     | Noticed Urug
 12913 | D:10     | Found Anisad's Demolitions Depot.
 13003 | D:10     | Noticed Erica
 13007 | D:10     | Killed Erica
 13258 | D:10     | Found a burning altar of Makhleb.
 13388 | D:10     | Offered knowledge of Stone Arrow by Vehumet.
 13401 | D:10     | Learned a level 3 spell: Stone Arrow
 13495 | D:10     | Reached skill level 1 in Earth Magic
 13618 | D:10     | Noticed Psyche
 13625 | D:10     | Killed Psyche
 14393 | Orc:1    | Entered Level 1 of the Orcish Mines
 14616 | Orc:1    | Found Qoad Ise's Weapon Shop.
 14628 | Orc:1    | Reached *** piety under Vehumet
 14638 | Orc:1    | Noticed a cyclops
 14671 | Orc:1    | Killed a cyclops
 14909 | Orc:2    | Entered Level 2 of the Orcish Mines
 14912 | Orc:2    | Noticed an orc knight
 14918 | Orc:2    | Noticed a two-headed ogre
 15089 | D:8      | Killed Joseph
 15090 | D:8      | Reached XP level 12. HP: 74/81 MP: 18/22
 15128 | Lair:1   | Entered Level 1 of the Lair of Beasts
 15726 | Lair:1   | Offered knowledge of Olgreb's Toxic Radiance by Vehumet.
 15783 | Lair:1   | Learned a level 2 spell: Blink
 16401 | Lair:1   | Reached skill level 5 in Earth Magic
 16845 | Lair:2   | Noticed a catoblepas
 16893 | Lair:2   | Killed a catoblepas
 16985 | Lair:2   | Got the Collected Works on Transmutation
 17372 | Lair:2   | Reached skill level 10 in Spellcasting
 17674 | Lair:3   | Found a staircase to the Shoals.
 17702 | Lair:3   | Learned a level 5 spell: Freezing Cloud
 17758 | Lair:3   | Reached skill level 1 in Ice Magic
 17758 | Lair:3   | Reached skill level 1 in Air Magic
 17914 | Lair:3   | Reached XP level 13. HP: 61/87 MP: 8/27
 18058 | Lair:3   | Reached **** piety under Vehumet
 18186 | Lair:3   | Noticed a catoblepas
 18213 | Lair:3   | Killed a catoblepas
 18213 | Lair:3   | Offered knowledge of Airstrike by Vehumet.
 18741 | Lair:4   | Noticed Rupert
 18789 | Lair:4   | Killed Rupert
 18790 | Lair:4   | Reached skill level 5 in Ice Magic
 18790 | Lair:4   | Reached skill level 5 in Air Magic
 19267 | Lair:4   | Reached skill level 1 in Staves
 19304 | Lair:4   | Found a hole to the Spider Nest.
 19361 | Lair:4   | Found the +8 demon blade "Leech" {vamp, Harm Drain rN+}
 19420 | Lair:4   | Reached skill level 1 in Long Blades
 19501 | Lair:4   | Noticed Snorg
 19508 | Lair:4   | Killed Snorg
 20419 | Lair:5   | Reached skill level 5 in Long Blades
 20702 | Lair:6   | Entered Level 6 of the Lair of Beasts
 20857 | Lair:6   | Found a viscous altar of Jiyva.
 20857 | Lair:6   | Found a staircase to the Slime Pits.
 20859 | Lair:6   | Noticed a four-headed hydra
 20863 | Lair:6   | Killed a four-headed hydra
 21007 | Lair:6   | Reached XP level 14. HP: 96/96 MP: 22/28
 21033 | Lair:6   | Reached skill level 5 in Fighting
 21035 | Lair:6   | Engulfed by a cloud of freezing vapour

Illustrated notes

Levels and vault maps discovered:
D:1:      elethiomel_arrival_infinity_welcomes_careful_drivers, layout_basic,
          ebering_ecumenical_altar_mist, serial_shops, shop
D:2:      layout_rooms, serial_forest, infiniplex_forest_end_double,
          infiniplex_forest_end_double, infiniplex_forest_clump_tiny,
          infiniplex_forest_clump_curved, infiniplex_forest_clump_small,
          infiniplex_forest_clump_tiny, infiniplex_forest_join,
          infiniplex_forest_end_3, kennysheep_generic_room_14
D:3:      layout_rooms
D:4:      layout_basic, hangedman_ru_absence, grunt_qazlal_clouds,
          gup_sewer_entry_pipe
D:5:      layout_rooms, kennysheep_mini_moat, mainiacjoe_overflow_brackets,
          enter_ossuary_3
D:6:      layout_loops_corners, mainiacjoe_overflow_alcove_4
D:7:      layout_cave_pools, minmay_temple_entry_enclosed_plants, uniq_pikel
D:8:      layout_loops_ring, grunt_temple_overflow_opulence,
          lemuel_crystal_altar, erik_lair_orcish_takeover, serial_shops,
          nicolae_shop_advertising_works [nicolae_subvault_shop_adworks],
          uniq_maggie
D:9:      layout_rooms, nicolae_hepliaklqana_hazy_memory,
          overflow_temple_1_default, mainiacjoe_overflow_alcove_2, orc_0_dummy,
          uniq_erolcha, uniq_joseph, uniq_harold
D:10:     layout_basic, lightli_temple_of_fire, kennysheep_another_room,
          nicolae_blasting_shop, nicolae_zen_rock_garden, grunt_ministairs_3,
          uniq_psyche, uniq_urug, uniq_erica
D:11:     layout_long_grid, st_stairs_2, minmay_misc_feat_room
Lair:1:   layout_long_grid, disabler_island, serial_bayou_shore_b,
          grunt_megastairs_4
Lair:2:   layout_regular_city, minmay_stone_trees_small,
          nicolae_lair_grazing_beasts [nicolae_sub_lair_graze_edge,
          nicolae_sub_lair_graze_edge, nicolae_sub_lair_graze_edge,
          nicolae_sub_lair_graze_edge]
Lair:3:   layout_long_grid, minmay_shoals_entry_centaurs, serial_bayou_shore_b
Lair:4:   layout_cave_pods, nicolae_spider_entry_non_spiders,
          dreamdust_deal_with_the_devil, uniq_snorg, uniq_rupert
Lair:5:   layout_roguey, serial_bayou_lagoon_a
Lair:6:   grunt_lair_end_beastmaster, layout_regular_city,
          dpeg_slime_entry_enclosed_altar, serial_bayou_crossing
Orc:1:    layout_diamond_mine, serial_shops, shop, special_room
          [special_room_bee], mines2_david
Orc:2:    pf_orc_diabolical, layout_diamond_mine, minmay_orc_keep

Skill      XL: |  1  2  3  4  5  6  7  8  9 10 11 12 13 14 |
---------------+-------------------------------------------+-----
Conjurations   | 5 6 7 8 10 11 | 11.1
Armour         | 3 5 |  5.9
Translocations | 4 |  4.0
Spellcasting   | 5 6 10 | 10.0
Hexes          | 3 4 |  4.0
Evocations     | 7 |  7.9
Shields        | 3 4 |  4.0
Fighting       | 3 4 5 |  5.0
Dodging        | 4 |  4.7
Earth Magic    | 3 5 |  5.0
Ice Magic      | 2 5 |  5.0
Air Magic      | 2 5 |  5.0
Staves         | 1 |  1.5
Long Blades    | 7 |  7.0
Stealth        | |  2.0

Action                   |  1- 3 |  4- 6 |  7- 9 | 10-12 | 13-15 || total
-------------------------+-------+-------+-------+-------+-------++-------
Melee: Short sword       |       |     1 |    43 |   124 |    38 ||   206
       Demon blade       |       |       |       |       |    70 ||    70
Throw: Dart              |       |       |       |     1 |       ||     1
       Throwing net      |       |       |       |       |     6 ||     6
 Cast: Magic Dart        |    32 |       |       |       |       ||    32
       Searing Ray       |    13 |    38 |    88 |    70 |       ||   209
       Iskenderun's Myst |       |       |     3 |    46 |    13 ||    62
       Fulminant Prism   |       |       |       |    16 |       ||    16
       Stone Arrow       |       |       |       |    56 |     3 ||    59
       Freezing Cloud    |       |       |       |       |    34 ||    34
Evoke: Wand              |       |       |     1 |    37 |     3 ||    41
       Phantom mirror    |       |       |       |       |     1 ||     1
  Use: Scroll            |     1 |     7 |     9 |    11 |     2 ||    30
       Potion            |       |     1 |     1 |     2 |     1 ||     5
 Stab: Petrified         |       |       |       |     2 |       ||     2
       Petrifying        |       |       |       |       |     1 ||     1
       Sleeping          |       |       |       |       |     1 ||     1
Armor: Robe              |     7 |     3 |       |       |       ||    10
       Troll leather arm |       |       |    88 |   139 |    17 ||   244
       Swamp dragon scal |       |       |       |       |    14 ||    14
Dodge: Dodged            |    13 |    17 |   106 |   194 |    60 ||   390
Block: Buckler           |       |       |       |   125 |    29 ||   154
       Reflection        |       |       |       |    14 |     4 ||    18
